Map: Kimeran Refuge

Players

Exeo

  • Race: Protoss Protoss
  • League: Platinum
  • Spawn Location: 6:00

Raziel

  • Race: Zerg Zerg
  • Spawn Location: 6:00

Sargeras

  • Race: Zerg Zerg
  • Spawn Location: 7:00

Symrak

  • Race: Zerg Zerg
  • League: Bronze
  • Spawn Location: 5:00

Hindulaatti - Winner!

  • Race: Terran Terran
  • League: Diamond
  • Spawn Location: 1:00

TerranTurisT - Winner!

  • Race: Terran Terran
  • Spawn Location: 12:00

Liquidator - Winner!

  • Race: Zerg Zerg
  • League: Gold
  • Spawn Location: 11:00

meph - Winner!

  • Race: Protoss Protoss
  • Spawn Location: 12:00

VOD

Have the link to the VOD?

Description

Time

  • Played on: Jan. 9, 2016, 7:16 a.m.
  • Length: 21:13
Show
View Real Time Build Order
Export as new Build Order

Exeo Protoss 

Build Orders: Nexus First 

Get SALT Encoding   

  12  0:01  Probe (Chrono Boost)  
  13  0:11  Probe (Chrono Boost)  
  14  0:19  Pylon  
  14  0:22  Probe (Chrono Boost)  
  15  0:37  Probe (Chrono Boost)  
  16  0:48  Probe (Chrono Boost)  
  17  1:00  Nexus  
  17  1:03  Probe (Chrono Boost)  
  18  1:13  Probe (Chrono Boost)  
  19  1:23  Gateway  
  19  1:25  Gateway  
  19  1:28  Probe (Chrono Boost)  
  20  1:39  Probe (Chrono Boost)  
  21  1:45  Pylon  
  21  1:49  Probe (Chrono Boost)  
  21  1:50  Forge  
  22  2:00  Probe (Chrono Boost)  
  23  2:10  Probe (Chrono Boost)  
  23  2:12  Cybernetics Core  
  23  2:14  Probe (Chrono Boost)  
  25  2:21  Probe (Chrono Boost)  
  26  2:24  Probe (Chrono Boost)  
  26  2:28  Pylon  
  27  2:39  Photon Cannon  
  27  2:42  Probe x2 (Chrono Boost)  
  29  2:47  Assimilator  
  29  2:50  Assimilator  
  29  2:52  Probe (Chrono Boost)  
  29  2:53  Zealot x2  
  29  2:58  Photon Cannon  
  34  3:03  Probe (Chrono Boost)  
  35  3:07  Assimilator  
  35  3:12  Probe (Chrono Boost)  
  36  3:14  Probe (Chrono Boost)  
  37  3:22  Gateway  
  37  3:24  Probe (Chrono Boost)  
  37  3:26  Gateway  
  38  3:30  Pylon  
  38  3:33  Warp Gate  
  38  3:37  Probe x2 (Chrono Boost)  
  40  3:46  Adept  
  40  3:47  Adept  
  44  3:51  Probe (Chrono Boost)  
  44  3:52  Probe (Chrono Boost)  
  46  4:02  Nexus  
  46  4:11  Protoss Ground Weapons Level 1  
  46  4:14  Assimilator, Probe x2 (Chrono Boost)  
  48  4:21  Pylon  
  48  4:25  Mothership Core (Chrono Boost)  
  48  4:26  Probe (Chrono Boost)  
  51  4:32  Stalker  
  51  4:33  Adept, Sentry  
  51  4:35  Zealot  
  51  4:37  Probe (Chrono Boost)  
  60  4:43  Probe (Chrono Boost)  
  61  4:45  Photon Cannon  
  61  4:47  Probe (Chrono Boost)  
  62  4:59  Pylon  
  62  5:01  Pylon  
  62  5:04  Forge  
  62  5:05  Twilight Council  
  62  5:07  Probe (Chrono Boost)  
  62  5:08  Probe (Chrono Boost)  
  63  5:18  Probe x2 (Chrono Boost)  
  65  5:34  Gateway  
  65  5:35  Gateway  
  65  5:36  Gateway  
  65  5:38  Gateway  
  65  5:42  Protoss Ground Armor Level 1  
  65  5:43  Blink  
  65  5:46  Probe x3 (Chrono Boost)  
  70  5:57  Probe x3 (Chrono Boost)  
  70  6:03  Adept x4  
  79  6:07  Protoss Ground Weapons Level 2  
  79  6:11  Assimilator  
  79  6:15  Assimilator  
  79  6:17  Probe x3 (Chrono Boost)  
  82  6:24  Robotics Facility  
  80  6:53  Stalker x2  
  80  6:54  Stalker x5  
  86  6:55  Stalker  
  96  7:03  Probe x3 (Chrono Boost)  
  99  7:14  Probe (Chrono Boost)  
  99  7:15  Probe (Chrono Boost)  
  101  7:22  Pylon  
  101  7:24  Pylon  
  101  7:25  Pylon  
  101  7:27  Pylon  
  101  7:37  Protoss Shields Level 1  
  101  7:40  Observer, Probe (Chrono Boost)  
  101  7:44  Pylon, Resonating Glaives  
  101  7:52  Stalker  
  101  7:53  Stalker x5  
  101  7:55  Adept x2  
  116  8:19  Stalker  
  116  8:20  Stalker x5  
  116  8:21  Stalker  
  127  8:50  Observer  
  108  9:03  Stalker x5  
  108  9:09  Pylon  
  118  9:10  Pylon  
  118  9:11  Pylon  
  118  9:18  Observer, Pylon  
  117  9:27  Nexus  
  105  10:04  Stalker  
  105  10:05  Stalker x6  
  105  10:06  Stalker  
  115  10:11  Gateway  
  115  10:12  Gateway  
  115  10:14  Gateway  
  113  10:16  Gateway  
  113  10:21  Pylon  
  113  10:23  Pylon  
  113  10:28  Pylon  
  96  10:59  Mothership Core (Chrono Boost)  
  96  11:00  Stalker x2  
  96  11:01  Stalker x3  
  96  11:02  Stalker x2  
  82  11:31  Stalker x3  
  82  11:32  Stalker x4  
  90  11:33  Stalker x4  
  90  11:35  Stalker  
  102  11:45  Assimilator  
  88  12:04  Stalker x4  
  88  12:05  Stalker x4  
  88  12:06  Stalker x4  
  103  12:50  Nexus  
  103  12:54  Pylon  
  103  12:56  Pylon  
  103  12:58  Pylon  
  75  13:24  Stalker  
  75  13:25  Stalker x3  
  75  13:26  Stalker x3  
  79  13:27  Stalker x2  
  79  13:28  Stalker x2  
  87  13:34  Photon Cannon  
  87  13:36  Stalker  
  87  13:38  Photon Cannon  
  87  13:40  Photon Cannon  
  89  13:44  Observer  
  89  13:45  Mothership Core (Chrono Boost)  
  92  14:02  Stalker x3  
  86  14:03  Stalker x6  
  86  14:04  Stalker  
  76  14:27  Stalker x2  
  76  14:28  Stalker x5  
  76  14:29  Stalker x2  
  92  14:58  Stalker x3  
  73  15:10  Observer  
  73  15:16  Stalker x2  
  73  15:18  Sentry x2  
  81  15:31  Observer  
  82  15:38  Sentry x3  
  82  15:39  Sentry  
  90  15:50  Stalker  
  78  16:28  Stalker  
  78  16:29  Stalker x4  
  62  16:57  Sentry x5  
Show
View Real Time Build Order
Export as new Build Order

Raziel Zerg 

Build Orders: Hatch First 

Get SALT Encoding   

  12  0:01  Drone  
  13  0:09  Drone  
  14  0:36  Hatchery  
  14  0:37  Drone  
  14  0:54  Spawning Pool  
  13  0:57  Extractor  
  13  1:01  Drone  
  13  1:03  Drone  
  14  1:15  Overlord  
  14  1:24  Overlord  
  14  1:51  Queen x2  
  18  2:00  Drone  
  19  2:01  Drone  
  19  2:07  Drone  
  21  2:10  Drone  
  22  2:26  Roach Warren  
  21  2:34  Drone  
  21  2:35  Drone  
  23  2:38  Drone, Extractor  
  23  2:40  Drone  
  24  2:51  Drone  
  25  2:52  Drone  
  26  3:07  Roach  
  26  3:08  Roach x2  
  32  3:27  Lair  
  32  3:34  Evolution Chamber  
  32  3:37  Evolution Chamber  
  32  3:39  Drone x2  
  32  3:50  Overlord  
  32  3:51  Overlord  
  32  4:21  Roach x2  
  32  4:22  Hatchery  
  35  4:25  Roach  
  37  4:34  Overseer  
  37  4:37  Drone  
  38  4:39  Zerg Missile Weapons Level 1  
  38  4:53  Glial Reconstitution  
  38  4:56  Zerg Ground Armor Level 1  
  38  5:23  Roach x2  
  38  5:24  Roach x2  
  38  5:26  Drone x3  
  49  5:36  Drone x3  
  52  5:57  Extractor  
  52  5:58  Extractor  
  52  6:00  Roach x3  
  52  6:03  Roach  
  58  6:05  Overlord  
  58  6:20  Overlord x2  
  58  6:21  Overlord  
  58  6:49  Drone  
  58  6:50  Drone x3  
  58  6:51  Roach x3  
  58  6:52  Roach x2  
  72  7:25  Hatchery  
  72  7:26  Drone x3  
  72  7:28  Drone x2  
  76  7:37  Zerg Missile Weapons Level 2  
  48  8:15  Roach x3  
  48  8:16  Roach x6  
  48  8:17  Roach x2  
  60  8:42  Zerg Ground Armor Level 2  
  60  8:47  Infestation Pit  
  49  9:22  Drone x2  
  49  9:23  Drone x2  
  53  9:29  Roach x2  
  53  9:30  Roach x7  
  53  9:31  Roach  
  63  9:59  Hive  
  63  10:10  Extractor  
  63  10:12  Hatchery  
  63  10:13  Extractor  
  54  10:24  Roach  
  54  10:25  Roach x4  
  60  10:34  Roach x4  
  60  10:35  Roach x5  
  66  11:12  Zergling x2  
  66  11:13  Roach x5  
  66  11:14  Roach  
  63  11:58  Spine Crawler  
  62  12:02  Spine Crawler, Zerg Missile Weapons Level 3  
  62  12:03  Zerg Ground Armor Level 3  
  62  12:05  Roach x5  
  62  12:06  Roach x3  
  77  12:14  Burrow  
  77  12:17  Tunneling Claws  
  77  12:25  Drone x4  
  81  12:35  Pathogen Glands  
  81  12:46  Drone x5  
  88  12:51  Ravager x2  
  88  12:55  Overlord x2  
  88  13:13  Overlord x3  
  88  13:16  Ravager x2  
  88  13:17  Ravager x6  
  88  13:18  Ravager x3  
  99  13:20  Ravager  
  99  13:21  Ravager  
  51  14:37  Roach x5  
  51  14:38  Roach x6  
  71  14:39  Roach x3  
  76  15:02  Roach x4  
  76  15:03  Roach x4  
  76  15:06  Ravager x4  
  96  15:11  Ravager x3  
  96  15:12  Ravager x6  
  64  15:55  Roach x3  
  64  15:56  Roach x7  
  64  15:57  Roach x2  
  69  16:14  Roach x3  
  69  16:15  Roach x5  
  81  16:31  Roach  
  81  16:32  Roach x6  
  95  16:59  Roach x10  
  55  17:24  Roach x2  
  55  17:25  Roach x6  
  55  17:26  Roach x3  
  63  17:42  Roach x3  
  63  17:43  Roach x4  
  35  18:13  Overseer x3  
  35  18:22  Roach x5  
  35  18:23  Roach x6  
  35  18:24  Roach x4  
  65  18:40  Roach x3  
  24  19:18  Infestor x2, Roach x2  
  24  19:19  Infestor x4  
  40  19:42  Infestor x6  
  34  19:54  Infestor x4  
  34  19:58  Infestor x5  
  34  19:59  Infestor  
  46  20:08  Infestor x3  
Show
View Real Time Build Order
Export as new Build Order

Sargeras Zerg 

Build Orders: Pool First 

Get SALT Encoding   

  12  0:01  Drone  
  13  0:08  Drone  
  14  0:17  Overlord  
  14  0:36  Spawning Pool  
  14  0:38  Drone  
  14  0:42  Drone  
  15  0:46  Drone  
  16  0:50  Drone  
  17  1:00  Drone  
  17  1:03  Extractor  
  17  1:12  Overlord  
  17  1:29  Hatchery  
  16  1:36  Queen  
  16  1:38  Drone  
  19  1:43  Drone  
  19  1:45  Drone  
  21  1:51  Extractor  
  21  1:54  Drone  
  21  2:04  Drone  
  22  2:18  Roach Warren  
  22  2:19  Drone  
  22  2:23  Metabolic Boost  
  22  2:26  Drone  
  23  2:36  Drone  
  24  2:43  Queen  
  26  2:45  Drone  
  27  2:55  Zergling x4  
  27  2:57  Zergling x2  
  30  3:03  Roach  
  32  3:07  Drone  
  32  3:08  Drone  
  36  3:20  Roach  
  36  3:27  Overlord x2  
  36  3:43  Lair  
  36  3:45  Drone  
  36  3:46  Drone x3  
  36  3:48  Drone  
  41  3:50  Drone  
  42  4:00  Roach x2  
  46  4:03  Roach  
  46  4:13  Queen  
  46  4:14  Drone  
  46  4:15  Drone  
  50  4:25  Zergling x4  
  50  4:29  Overlord  
  52  4:39  Extractor  
  52  4:41  Extractor  
  52  4:44  Overlord  
  50  4:49  Hydralisk Den  
  50  4:51  Glial Reconstitution  
  49  4:54  Burrow  
  49  4:56  Drone  
  50  5:00  Drone x2  
  50  5:01  Drone x3  
  55  5:08  Drone  
  55  5:09  Drone x2  
  58  5:22  Drone  
  58  5:23  Drone  
  58  5:28  Hydralisk x4  
  67  5:41  Overlord  
  67  5:42  Overlord x2  
  67  5:45  Overlord  
  67  5:47  Overlord  
  67  5:53  Muscular Augments  
  67  6:07  Ravager x3  
  67  6:09  Ravager x2  
  76  6:11  Roach x3  
  76  6:14  Roach x3  
  76  6:17  Hydralisk  
  86  6:31  Drone x2  
  86  6:32  Evolution Chamber  
  87  6:35  Evolution Chamber  
  86  6:52  Hatchery  
  85  7:01  Hydralisk  
  85  7:02  Hydralisk x3  
  85  7:06  Drone  
  94  7:10  Hydralisk x3  
  94  7:11  Roach  
  94  7:14  Roach  
  104  7:18  Zerg Missile Weapons Level 1  
  104  7:24  Zerg Ground Armor Level 1  
  104  8:08  Overseer x3  
  104  8:10  Hydralisk  
  104  8:11  Hydralisk x3  
  112  8:14  Overlord  
  112  8:16  Overlord x4  
  112  8:27  Pneumatized Carapace  
  102  9:04  Hydralisk x2  
  102  9:05  Hydralisk x2  
  102  9:07  Roach x2  
  102  9:08  Roach x3  
  102  9:09  Hydralisk x3  
  126  9:23  Ravager x2  
  126  9:24  Ravager  
  129  9:25  Ravager x4  
  133  9:31  Hydralisk x2  
  133  9:32  Hydralisk x2  
  141  9:43  Drone x2  
  114  10:02  Zerg Missile Weapons Level 2  
  114  10:06  Zerg Ground Armor Level 2  
  114  10:15  Zergling x8  
  114  10:16  Zergling x4  
  114  10:17  Zergling x4  
  114  10:18  Zergling x2  
  123  10:27  Overlord  
  123  10:33  Overlord x2  
  123  10:34  Overlord  
  123  10:38  Overseer x2  
  123  10:48  Roach x4  
  131  11:03  Zergling x2  
  132  11:10  Hydralisk  
  134  11:14  Queen  
  84  11:35  Drone x6  
  84  11:36  Drone x4  
  84  11:40  Hydralisk x4  
  84  11:41  Hydralisk x2  
  95  12:07  Hatchery  
  94  12:09  Drone x5  
  91  13:14  Hatchery  
  57  13:35  Drone x2  
  57  13:36  Roach x2  
  57  13:37  Drone  
  57  13:38  Hydralisk  
  57  13:39  Hydralisk x5  
  57  13:40  Roach  
  57  13:41  Roach  
  22  14:27  Roach x3  
  28  14:40  Drone x5  
  28  14:50  Drone  
  28  14:51  Drone x2  
  31  14:53  Drone  
  25  16:08  Ravager  
  26  16:28  Drone x16  
Show
View Real Time Build Order
Export as new Build Order

Symrak Zerg 

Build Orders: Pool First, Lurkers 

Get SALT Encoding   

  12  0:01  Drone  
  13  0:09  Drone  
  14  0:19  Overlord  
  14  0:24  Extractor  
  14  0:25  Drone  
  14  0:43  Spawning Pool  
  14  0:44  Drone  
  14  0:48  Drone  
  15  0:51  Drone  
  16  0:57  Drone  
  17  1:09  Drone  
  18  1:18  Overlord  
  18  1:31  Drone  
  18  1:32  Queen  
  21  1:36  Spine Crawler  
  21  1:38  Drone  
  21  1:44  Metabolic Boost  
  21  1:49  Drone  
  22  2:05  Zergling x2  
  23  2:12  Drone  
  23  2:13  Queen  
  26  2:33  Drone, Zergling x2  
  28  2:40  Extractor  
  27  2:47  Drone x3  
  30  2:56  Lair  
  29  3:09  Spine Crawler  
  29  3:11  Zergling x4  
  30  3:53  Hatchery, Zergling x2  
  30  3:54  Overlord  
  30  3:55  Overlord  
  30  4:07  Overlord  
  30  4:13  Zergling x8  
  34  4:20  Spore Crawler  
  33  4:25  Hydralisk Den  
  32  4:33  Drone x4  
  36  5:02  Hydralisk x2  
  40  5:08  Drone  
  40  5:09  Evolution Chamber  
  40  5:12  Muscular Augments  
  40  5:24  Drone x2  
  40  5:27  Drone  
  43  5:40  Drone  
  44  5:46  Extractor  
  44  5:49  Spore Crawler  
  42  5:52  Drone  
  42  5:53  Hydralisk x2  
  42  5:54  Hydralisk x4  
  55  5:59  Zerg Missile Weapons Level 1  
  55  6:11  Drone x4  
  59  6:22  Drone  
  51  6:58  Zergling x8  
  55  7:01  Hydralisk  
  55  7:02  Hydralisk  
  59  7:12  Overlord x3  
  59  7:14  Lurker Den  
  59  7:21  Drone  
  60  7:23  Spore Crawler  
  60  7:24  Drone  
  60  7:40  Drone  
  60  7:41  Zergling x4  
  60  7:43  Extractor  
  46  8:23  Hydralisk x5  
  46  8:24  Hydralisk  
  58  8:30  Zergling x2  
  58  8:31  Zergling x6  
  62  8:39  Spine Crawler  
  61  8:42  Drone  
  61  8:43  Queen  
  64  8:50  Spine Crawler  
  63  8:56  Drone  
  63  8:59  Lurker  
  63  9:00  Lurker x2  
  55  9:48  Hydralisk x3  
  55  9:51  Drone  
  63  9:52  Drone  
  63  9:53  Drone x4  
  58  10:22  Hydralisk  
  58  10:23  Hydralisk x4  
  58  10:27  Zerg Missile Weapons Level 2  
  68  10:29  Hydralisk x6  
  80  10:36  Lurker x2  
  80  10:42  Spine Crawler  
  81  10:46  Lurker  
  81  10:48  Hydralisk  
  84  10:51  Overseer  
  84  10:57  Overlord  
  84  10:58  Overlord x2  
  84  11:04  Evolution Chamber  
  84  11:10  Infestation Pit  
  82  11:11  Hydralisk  
  71  12:07  Hydralisk x6  
  83  12:10  Overseer  
  83  12:18  Spine Crawler  
  83  12:19  Zergling x6  
  83  12:21  Drone  
  83  12:23  Spore Crawler  
  79  12:44  Burrow  
  79  12:46  Zerg Ground Armor Level 1  
  79  13:51  Hatchery  
  46  14:46  Hydralisk x2  
  46  14:47  Hydralisk x3  
  46  14:51  Hydralisk x2  
  46  14:52  Hydralisk x4  
  66  14:55  Zerg Ground Armor Level 2  
  66  14:59  Hive  
  68  15:06  Drone  
  69  15:21  Extractor  
  49  15:30  Drone x2  
  51  15:44  Drone  
  51  15:45  Drone x2  
  54  15:51  Lurker x2  
  54  15:52  Lurker x4  
  54  15:53  Drone x4  
  54  15:54  Hydralisk  
  54  15:55  Hydralisk  
  68  15:57  Hydralisk x2  
  68  15:58  Hydralisk x2  
  68  16:02  Hydralisk  
  78  16:16  Spine Crawler  
  77  16:22  Hydralisk x2  
  81  16:26  Hydralisk  
  83  16:33  Hydralisk  
  83  16:38  Zergling x4  
Show
View Real Time Build Order
Export as new Build Order

Hindulaatti Terran - Winner!

Build Orders:  

Get SALT Encoding   

  12  0:02  SCV  
  13  0:14  SCV  
  14  0:24  Supply Depot  
  14  0:26  SCV  
  15  0:45  SCV  
  15  0:47  Barracks  
  16  0:58  SCV  
  17  1:10  SCV  
  18  1:17  Refinery  
  18  1:24  SCV  
  19  1:29  Command Center  
  19  1:37  Marine  
  20  1:41  Orbital Command  
  20  1:56  Supply Depot  
  20  2:01  Reaper  
  20  2:06  SCV  
  22  2:20  SCV  
  23  2:23  Refinery  
  23  2:34  Barracks Reactor  
  23  2:39  SCV  
  23  2:41  Orbital Command, Barracks  
  23  2:42  Barracks  
  24  2:51  SCV  
  25  3:03  SCV  
  26  3:06  Factory  
  26  3:10  SCV  
  27  3:15  SCV  
  28  3:22  SCV  
  28  3:25  Orbital Command  
  29  3:27  SCV  
  30  3:39  Barracks Tech Lab, Barracks Reactor  
  29  3:49  Bunker  
  29  3:53  SCV x2  
  31  3:56  Factory Tech Lab  
  31  3:58  Marine x2  
  31  3:59  Marauder  
  35  4:05  SCV x2  
  35  4:06  Stimpack  
  37  4:10  Starport, Supply Depot  
  37  4:16  Marine x2  
  37  4:17  Marine x2, SCV x2  
  43  4:29  SCV x2  
  43  4:30  Supply Depot  
  45  4:32  Supply Depot x2  
  45  4:36  Supply Depot x2  
  45  4:38  Marauder, Marine x2  
  48  4:41  SCV x2  
  48  4:45  Siege Tank  
  54  4:47  Starport Reactor  
  54  4:55  Engineering Bay  
  54  5:04  Refinery  
  54  5:06  Refinery  
  54  5:10  Marine  
  54  5:11  Marauder, Marine x3  
  60  5:28  Marine  
  60  5:29  SCV x2  
  63  5:35  Medivac  
  63  5:36  Medivac  
  63  5:38  Marauder, Marine x3  
  63  5:41  SCV x2  
  74  5:44  Terran Infantry Weapons Level 1  
  74  5:46  Marine  
  75  5:56  Marine x3  
  78  6:00  Marauder  
  80  6:04  Marine  
  80  6:05  Medivac  
  80  6:09  Medivac, SCV  
  86  6:14  Supply Depot  
  86  6:15  Supply Depot  
  86  6:17  Supply Depot  
  58  6:48  Marine x2, SCV x2  
  58  6:49  Marauder, Marine x2, Siege Tank  
  58  6:50  Medivac x2  
  73  7:00  SCV x2  
  75  7:06  Marine  
  75  7:08  Command Center, Marine x3  
  77  7:09  Barracks  
  77  7:10  Marauder  
  77  7:11  Barracks x2  
  77  7:12  SCV x2  
  77  7:15  Missile Turret  
  83  7:16  Missile Turret  
  83  7:22  Siege Tank  
  86  7:24  Marine  
  86  7:26  Marine x3  
  90  7:41  Medivac, Marauder  
  90  7:42  Marine  
  90  7:43  Marine  
  90  7:44  Marine  
  96  7:48  Marine, SCV x2  
  100  7:54  Siege Tank  
  101  8:02  Marauder  
  87  8:14  Marine x2  
  86  8:20  Marine x2, SCV x2  
  86  8:21  Medivac  
  86  8:23  Medivac, Marauder  
  86  8:26  Siege Tank  
  98  8:32  Marine, Barracks Reactor x2  
  98  8:33  Barracks Tech Lab  
  99  8:36  Refinery  
  99  8:37  Refinery  
  100  8:41  SCV x2  
  100  8:45  Marauder  
  103  8:58  Siege Tank  
  103  8:59  Marauder, Marine x4  
  103  9:01  Medivac  
  103  9:02  Medivac  
  116  9:06  Marine  
  108  9:16  Marine  
  84  9:27  Marine x2  
  84  9:28  Marauder x2, Marine x3  
  84  9:30  Siege Tank  
  87  9:31  Medivac  
  87  9:38  Marine  
  67  9:49  Marauder x2, Marine x4  
  67  9:50  Marine x2  
  74  9:56  Marine  
  68  10:02  Siege Tank  
  69  10:07  Marine x4  
  69  10:10  Marauder  
  77  10:24  Barracks Tech Lab  
  77  10:25  Marine, Barracks Reactor  
  72  10:33  Planetary Fortress  
  72  10:34  Siege Tank  
  74  10:35  SCV  
  74  10:37  SCV  
  75  10:47  SCV  
  75  10:49  SCV  
  75  10:54  Marauder, Marine x5  
  79  11:00  SCV  
  79  11:01  SCV  
  63  11:05  Marine x2  
  65  11:11  Marine  
  65  11:12  Marine x3  
  65  11:15  Marine  
  65  11:23  Marine x2  
  65  11:29  Marine x2  
  65  11:30  Marine x2  
  70  11:32  SCV  
  70  11:33  Marauder, SCV  
  64  11:44  SCV  
  64  11:45  SCV  
  61  11:47  Marine x3  
  61  11:48  Marine, Siege Tank  
  61  11:49  Medivac x2  
  71  11:55  Marauder  
  73  12:04  Command Center  
  73  12:05  Marine  
  72  12:16  Marauder  
  72  12:18  Marine x3  
  72  12:20  Siege Tank  
  80  12:23  Marine  
  81  12:35  Marine  
  81  12:36  Combat Shields, Marine x2  
  84  12:37  Marauder  
  84  12:39  Barracks  
  84  12:40  Barracks  
  84  12:41  Marine, Barracks  
  87  12:53  Medivac, Marine, Siege Tank  
  87  12:54  Marine x2  
  95  12:58  Marine  
  95  12:59  Marauder  
  97  13:25  Siege Tank  
  91  13:37  Marauder, Marine x5  
  92  14:05  Barracks Reactor x3  
  92  14:10  Marine  
  92  14:11  Marauder, Marine x3  
  84  14:28  Marine  
  84  14:29  Marine x2  
  87  14:32  Marauder  
  86  14:43  Missile Turret x2  
  86  14:54  Marauder  
  88  15:01  Planetary Fortress  
  88  15:04  Refinery, Marine  
  77  15:34  Marine x2  
  77  15:35  Marauder, Marine x8  
  77  15:52  Marine x4  
  77  15:53  Marine  
  77  15:56  Marauder  
  81  15:59  SCV x2  
  80  16:11  SCV  
  80  16:17  Marauder  
  71  16:33  Marine x8  
  71  16:34  Marine x2  
  71  16:39  Marauder  
  83  16:51  Marine x2  
  75  16:56  Liberator x2  
  75  17:00  Marauder  
  73  17:14  Siege Tank  
  73  17:15  Marine x4  
  80  17:22  Marauder  
  57  17:45  Marine x2  
  57  17:46  Marine, Siege Tank  
  62  18:17  Orbital Command  
  62  18:18  Siege Tank  
  65  18:29  Marine  
  65  18:32  Orbital Command  
  66  18:45  Marine  
  66  18:46  Marine x2  
  69  18:56  Marine x3  
  69  18:57  Marine  
  72  19:22  Medivac x2  
  76  19:27  Marine  
  76  19:28  Marine x10  
  87  19:45  Marine  
  87  19:46  Marine  
  169  20:00  Medivac x2  
  89  20:01  Marine x5, Siege Tank  
  89  20:02  Marine x4  
  89  20:03  Marine  
  106  20:33  Siege Tank  
  107  20:49  Command Center  
  106  20:50  Command Center  
Show
View Real Time Build Order
Export as new Build Order

TerranTurisT Terran - Winner!

Build Orders: MMM Bio 

Get SALT Encoding   

  12  0:01  SCV  
  13  0:13  SCV  
  14  0:22  Supply Depot  
  14  0:25  SCV  
  15  0:37  Refinery  
  15  0:43  SCV  
  15  0:45  Barracks  
  16  0:55  SCV  
  17  1:07  SCV  
  18  1:19  SCV  
  19  1:27  Supply Depot  
  19  1:32  SCV  
  20  1:39  Marine  
  21  1:46  Factory  
  21  1:47  Orbital Command  
  21  1:57  Marine  
  22  2:13  SCV  
  22  2:15  Marine  
  24  2:20  Command Center  
  24  2:27  SCV  
  25  2:40  Bunker, Factory Tech Lab  
  25  2:46  SCV  
  26  2:54  Barracks Tech Lab  
  26  2:55  Supply Depot  
  26  2:58  Siege Tank  
  29  3:00  SCV  
  29  3:04  Refinery  
  30  3:14  SCV  
  31  3:38  Orbital Command, Engineering Bay  
  31  3:44  Siege Tank  
  31  3:46  Marine  
  35  3:50  Barracks  
  35  3:54  SCV, Barracks  
  36  3:56  Barracks  
  36  4:13  Stimpack  
  36  4:16  Widow Mine  
  38  4:20  Missile Turret  
  38  4:22  Missile Turret, SCV  
  38  4:23  SCV  
  40  4:34  SCV  
  40  4:36  Marine  
  42  4:39  Barracks Tech Lab  
  42  4:41  Barracks Reactor  
  42  4:43  Barracks Reactor  
  42  4:47  Supply Depot x2  
  42  4:57  Orbital Command  
  42  5:14  SCV  
  43  5:21  Marine x5  
  44  5:22  Marine  
  44  5:26  Combat Shields, SCV  
  50  5:32  Supply Depot  
  50  5:36  Terran Infantry Weapons Level 1  
  50  5:50  Marine x6  
  50  5:54  Missile Turret  
  50  5:57  Missile Turret x2  
  56  6:07  Starport, Marine  
  56  6:08  Marine  
  56  6:11  Widow Mine  
  58  6:14  SCV  
  58  6:16  Refinery  
  58  6:17  SCV  
  62  6:18  Refinery  
  62  6:26  SCV  
  62  6:29  SCV  
  64  6:46  Marine x6  
  70  7:03  Marine  
  70  7:04  Marine x2  
  70  7:05  Starport Reactor  
  73  7:09  SCV x2  
  73  7:10  Supply Depot  
  75  7:16  Marauder, Marine  
  78  7:23  Marauder, Marine  
  81  7:35  SCV x2  
  83  7:38  Marauder  
  65  8:19  Marine x5  
  63  8:20  Marine  
  63  8:21  Siege Tank  
  63  8:22  Medivac x2  
  73  8:30  Terran Infantry Armor Level 1  
  73  8:32  Supply Depot  
  73  8:36  Armory  
  73  8:37  Engineering Bay, Marine  
  74  8:42  Barracks x2  
  74  8:43  Barracks  
  74  9:05  Marine x5  
  74  9:06  Marauder  
  74  9:07  Siege Tank  
  77  9:34  Marine x3  
  77  9:35  Marine x6  
  77  9:37  Medivac x2  
  79  9:52  Marine  
  80  10:00  Marine  
  80  10:01  Marine x3  
  80  10:02  Barracks Reactor  
  80  10:03  Barracks Tech Lab  
  84  10:15  Marine  
  84  10:16  Marine x2  
  84  10:18  Marine  
  88  10:41  Marine x4  
  88  10:42  Barracks Tech Lab, Marine  
  93  10:45  Marauder x3, Siege Tank  
  102  11:20  Marine  
  102  11:21  Marine  
  102  11:22  Marine x3  
  102  11:23  Marine x2  
  102  11:24  Marauder  
  102  11:25  Medivac x2, Marauder  
  102  11:32  Marine  
  97  11:38  Marine  
  97  11:39  Supply Depot x2, Marine x2  
  99  11:40  Supply Depot, Terran Infantry Weapons Level 2  
  99  11:41  Terran Infantry Armor Level 2  
  100  11:47  Marine x2  
  102  12:00  Marine x2  
  102  12:01  Marauder x3, Siege Tank  
  113  12:25  Marine x3  
  113  12:26  Marine x4  
  113  12:27  Marauder x3  
  126  12:33  Supply Depot  
  126  12:34  Medivac x2  
  130  12:44  Marauder  
  130  12:48  Marauder  
  131  13:35  Marine x6  
  131  13:36  Marine x2  
  131  13:37  Marauder x2  
  143  13:50  Supply Depot  
  143  13:51  Supply Depot  
  143  13:54  Marauder  
  104  14:31  Marine x6  
  96  14:32  Marine x3  
  96  14:33  Marauder  
  98  14:49  Marine x6, Siege Tank  
  98  14:50  Medivac x2  
  107  14:55  Terran Infantry Weapons Level 3  
  107  15:01  Terran Infantry Armor Level 3  
  83  15:56  Marine x6  
  83  15:57  Marauder, Marine x2  
  87  15:58  Marauder  
  92  16:05  Medivac, Siege Tank  
  92  16:06  Medivac  
  99  16:14  Marine x4  
  99  16:15  Marauder x2  
  107  16:19  Marauder  
  100  17:34  Marine x6  
  100  17:35  Marauder x4  
  114  17:56  Marauder  
  116  18:20  Marine x6  
  122  19:22  Orbital Command  
  122  19:29  Supply Depot  
  122  20:04  Missile Turret  
  122  20:05  Missile Turret  
  122  20:18  Concussive Shells  
  122  20:25  Missile Turret  
  122  20:44  Marine  
  122  20:45  Marine x6  
  122  20:46  Marauder x3  
Show
View Real Time Build Order
Export as new Build Order

Liquidator Zerg - Winner!

Build Orders: Pool First, Lurkers 

Get SALT Encoding   

  12  0:02  Drone  
  13  0:11  Drone  
  14  0:27  Spawning Pool  
  13  0:30  Drone  
  13  0:32  Extractor  
  13  0:36  Drone  
  14  0:45  Overlord  
  14  1:05  Drone x3  
  17  1:43  Metabolic Boost  
  17  1:46  Zergling x6  
  20  2:01  Hatchery  
  19  2:10  Queen  
  19  2:12  Drone  
  22  2:15  Overlord  
  23  2:37  Drone x2  
  24  2:45  Drone  
  24  2:50  Queen  
  27  2:55  Zergling x2  
  28  3:05  Zergling x2, Extractor  
  28  3:15  Queen  
  30  3:31  Drone  
  30  3:32  Drone x5  
  36  3:40  Lair  
  36  3:42  Overlord x2  
  34  4:10  Drone x2  
  34  4:16  Drone x6  
  42  4:23  Drone  
  43  4:26  Roach Warren  
  43  4:30  Spine Crawler  
  41  4:32  Drone  
  41  4:33  Drone x3  
  45  4:43  Overlord  
  45  4:44  Overlord  
  45  4:56  Drone  
  45  4:57  Drone x4  
  45  4:59  Extractor  
  49  5:00  Hydralisk Den, Extractor  
  47  5:13  Spore Crawler  
  46  5:15  Spore Crawler  
  43  5:23  Drone x2  
  43  5:25  Drone x5  
  50  5:36  Overlord x2  
  50  5:44  Overlord  
  50  5:45  Overlord  
  50  5:46  Lurker Den  
  50  5:53  Evolution Chamber  
  50  5:56  Spore Crawler  
  48  5:59  Drone x2, Spore Crawler  
  48  6:00  Drone x2  
  48  6:03  Hydralisk x2  
  55  6:08  Hydralisk  
  55  6:10  Hydralisk  
  59  6:23  Zerg Missile Weapons Level 1  
  59  6:45  Hatchery  
  58  7:04  Hydralisk  
  58  7:05  Hydralisk x9  
  78  7:13  Lurker x3  
  78  7:15  Lurker  
  82  7:21  Roach x3  
  82  7:22  Roach  
  90  7:28  Muscular Augments  
  90  8:01  Lurker  
  90  8:02  Lurker x5  
  93  8:14  Roach  
  93  8:15  Roach x7  
  93  8:17  Zerg Ground Armor Level 1  
  105  8:29  Overlord x8  
  53  9:04  Hydralisk x11  
  53  9:07  Queen  
  73  9:16  Hydralisk x2  
  77  9:33  Drone x3  
  77  9:34  Drone x2  
  77  9:36  Lurker  
  77  9:37  Lurker x2  
  85  9:39  Lurker  
  86  10:20  Roach  
  90  10:21  Roach x9  
  90  10:27  Extractor  
  97  10:29  Extractor  
  96  10:42  Roach x2  
  106  10:43  Roach x3  
  104  10:56  Hatchery  
  83  11:00  Hydralisk  
  83  11:01  Hydralisk x4  
  93  11:10  Hydralisk x3  
  93  11:18  Zerg Missile Weapons Level 2  
  89  11:27  Drone x3  
  89  11:28  Drone x3  
  85  11:36  Pneumatized Carapace  
  71  11:47  Roach  
  71  11:48  Roach x5  
  77  12:03  Lurker x2  
  77  12:07  Lurker  
  80  12:12  Zergling x2  
  80  12:13  Zergling x16  
  89  12:19  Queen  
  89  12:20  Overseer  
  89  12:21  Hatchery, Overseer x3  
  91  12:38  Roach  
  91  12:39  Roach x11  
  109  13:12  Roach x10  
  134  13:13  Roach x4  
  111  13:34  Zerg Ground Armor Level 2  
  111  13:51  Hydralisk x11  
  111  13:52  Hydralisk  
  93  14:17  Hatchery  
  93  14:18  Hydralisk  
  93  14:19  Hydralisk x7  
  99  14:26  Lurker x10  
  99  14:27  Lurker x2  
  99  14:29  Roach x4  
  119  14:44  Roach  
  119  14:45  Roach x3  
  127  14:56  Roach x4  
  123  15:05  Roach x4  
  123  15:06  Roach x6  
  143  15:17  Roach x2  
  143  15:18  Roach x4  
  155  15:52  Hydralisk x5  
  155  15:56  Overlord x6  
  155  15:57  Overlord x3  
  165  16:13  Queen  
  157  16:44  Hydralisk  
  157  16:45  Hydralisk x12  
  181  17:30  Hydralisk  
  181  17:31  Hydralisk x7, Extractor  
  194  17:52  Roach  
  194  17:53  Roach x2  
  180  18:21  Overseer x11  
  177  19:06  Extractor  
  168  19:42  Hatchery, Hydralisk x10  
  183  20:30  Hatchery  
  182  20:40  Lurker x7  
  189  20:50  Infestation Pit  
  190  21:13  Extractor  
Show
View Real Time Build Order
Export as new Build Order

meph Protoss - Winner!

Build Orders:  

Get SALT Encoding   

  12  0:01  Probe (Chrono Boost)  
  13  0:12  Probe (Chrono Boost)  
  14  0:23  Probe (Chrono Boost)  
  14  0:24  Pylon  
  16  0:43  Probe (Chrono Boost)  
  16  0:48  Forge  
  16  0:51  Gateway  
  16  1:01  Pylon  
  16  1:02  Probe (Chrono Boost)  
  17  1:17  Pylon  
  17  1:26  Photon Cannon  
  17  1:35  Photon Cannon  
  17  1:47  Gateway  
  17  1:50  Zealot  
  19  2:01  Photon Cannon  
  19  2:08  Assimilator  
  19  2:19  Cybernetics Core, Probe (Chrono Boost)  
  20  2:33  Probe (Chrono Boost)  
  21  2:37  Assimilator  
  21  2:43  Probe (Chrono Boost)  
  22  2:54  Probe (Chrono Boost)  
  23  3:04  Nexus  
  23  3:14  Pylon  
  23  3:18  Probe (Chrono Boost)  
  24  3:22  Pylon  
  24  3:36  Stargate  
  24  3:39  Probe (Chrono Boost)  
  25  3:46  Photon Cannon  
  25  3:58  Zealot x2  
  25  4:00  Probe (Chrono Boost)  
  30  4:15  Photon Cannon  
  30  4:19  Probe x2 (Chrono Boost)  
  30  4:23  Pylon  
  32  4:33  Probe x2 (Chrono Boost)  
  32  4:36  Warp Gate (Chrono Boost)  
  34  4:43  Probe x2 (Chrono Boost)  
  36  4:50  Void Ray  
  40  4:54  Probe  
  40  4:58  Assimilator  
  41  5:02  Assimilator  
  41  5:11  Probe  
  41  5:12  Probe  
  43  5:16  Zealot  
  43  5:17  Zealot  
  47  5:23  Gateway  
  47  5:34  Twilight Council  
  47  5:37  Gateway  
  47  5:41  Pylon  
  47  5:51  Void Ray (Chrono Boost)  
  47  5:56  Probe  
  52  6:02  Adept  
  52  6:03  Adept, Protoss Ground Weapons Level 1 (Chrono Boost)  
  56  6:10  Probe  
  56  6:11  Probe  
  58  6:16  Stalker  
  60  6:31  Void Ray  
  64  6:43  Stalker x2, Zealot  
  70  7:02  Stalker  
  70  7:05  Probe x2  
  70  7:07  Pylon, Charge (Chrono Boost)  
  74  7:14  Void Ray  
  78  7:17  Probe x2  
  80  7:29  Probe x2  
  82  7:30  Zealot  
  82  7:32  Zealot  
  82  7:34  Pylon x2  
  86  7:39  Stalker  
  88  7:59  Pylon  
  88  8:03  Stalker x2, Zealot  
  88  8:04  Zealot  
  96  8:11  Probe x2  
  98  8:13  Protoss Ground Weapons Level 2, Void Ray  
  102  8:43  Stalker x2, Zealot  
  102  8:44  Zealot  
  110  8:56  Pylon  
  110  8:57  Pylon  
  110  9:14  Void Ray  
  110  9:17  Stalker x2, Zealot x2  
  122  9:39  Zealot x2  
  88  9:58  Zealot x2  
  84  10:01  Zealot x2  
  88  10:08  Nexus  
  88  10:26  Pylon  
  88  10:28  Pylon  
  88  10:33  Pylon  
  88  10:34  Pylon  
  88  10:35  Protoss Ground Armor Level 1  
  88  10:38  Zealot x4  
  88  10:39  Pylon  
  88  10:41  Void Ray  
  100  10:59  Gateway  
  100  11:01  Gateway  
  100  11:08  Zealot  
  102  11:18  Zealot x2  
  106  11:30  Assimilator  
  106  11:34  Assimilator  
  106  11:44  Stalker x2  
  106  11:45  Stalker, Zealot  
  114  11:49  Probe  
  114  11:50  Probe x2  
  117  11:55  Photon Cannon  
  117  11:56  Photon Cannon  
  113  12:06  Zealot  
  113  12:08  Zealot  
  113  12:09  Zealot x2  
  119  12:21  Gateway  
  119  12:25  Gateway  
  56  12:51  Zealot x4  
  44  13:15  Protoss Ground Weapons Level 3, Zealot x4  
  36  18:12  Resonating Glaives (Chrono Boost)  
Tags
 
Add a new tag
Caveats
  • Supply blocks, unpowered buildings, or Contaminate may cause inaccurate times.
  • Supply counts are checked every 10 seconds.